 Dungeon Crawl Stone Soup version bcrawl-1.40.1 (webtiles) character file.

Game seed: 452101390954908569

142694 Mehrunes the Insei (level 4, -4/28 HPs)
             Began as a Vine Stalker Martial Artist on Oct 31, 2023.
             Was a Believer of Wu Jian.
             Slain by a hippogriff (5 damage)
             ... on level 3 of the Dungeon.
             The game lasted 00:03:32 (1629 turns).

Mehrunes the Insei (Vine Stalker Martial Artist)    Turns: 1629, Time: 00:03:33

Health: -4/28      AC:  3    Str: 16    XL:     4   Next: 51%
Magic:  6/6        EV: 14    Int:  9    God:    Wu Jian [**....]
Gold:   136        SH:  0    Dex: 16    Spells: 4/5 levels left

rFire    . . .     GDR:     28%   - Fists (9.8)
rCold    . . .     SeeInvis .   (no shield)
rNeg     . . .     Gourm    .   a - +0 robe
rPois    .         Faith    .   (no helmet)
rElec    .         Spirit   .   (no cloak)
rCorr    .         Reflect  .   p - +0 pair of gloves
MR       .....                  (no boots)
Stlth    ++........             (no amulet)
HPRegen  0.54/turn              (no ring)
MPRegen  0.10/turn              (no ring)

@: no status effects
A: fangs 2, regeneration 1, no potion heal 3, rot immunity, strong jaws
a: Wall Jump, Serpent's Lash, Renounce Religion


You were on level 3 of the Dungeon.
You worshipped Wu Jian.
Wu Jian was pleased with you.
You were not hungry.

You visited 1 branch of the dungeon, and saw 3 of its levels.

You collected 136 gold pieces.

Inventory:

Armour
 a - a +0 robe (worn)
 p - a +0 pair of gloves (worn)
Jewellery
 q - an uncursed ring of flight {unknown}
Scrolls
 d - a scroll of fog {unknown}
 g - 3 scrolls of remove curse
 h - a scroll of immolation {unknown}
 i - a scroll of identify
 l - a scroll of noise {unknown}
 n - a scroll of teleportation {unknown}
 o - a scroll of amnesia
Potions
 b - a potion of agility
 c - a potion of invisibility {unknown}
 f - a potion of cancellation {unknown}
 j - a potion of curing {unknown}
 k - a potion of heal wounds {unknown}
 m - a potion of flight {unknown}
Comestibles
 e - 10 rations {!d}
 r - 24 chunks of flesh


   Skills:
 + Level 3.2 Fighting
 + Level 4.0 Dodging
 - Level 1.5 Stealth
 * Level 5.0 Unarmed Combat
 - Level 1.1 Spellcasting
 - Level 1.0 Hexes


You had 4 spell levels left.
You knew the following spells:

 Your Spells              Type           Power        Failure   Level  Hunger
a - Confusing Touch       Hex            #.......     24%         1    None
Your spell library was empty.

Dungeon Overview and Level Annotations

Branches:
Dungeon (3/12)

Altars:


Innate Abilities, Weirdness & Mutations

You have extremely sharp teeth.
Your natural rate of healing is unusually fast.
Potions cannot restore your health.
You are immune to rotting.
Your bites deal extra damage.


Message History

The hippogriff misses you. The hippogriff closely misses you.
The gnoll hits you from afar with a +0 spear.
* * * LOW HITPOINT WARNING * * *
As you read the scroll labeled ULEFOCZODU, it crumbles to dust.
It is a scroll of amnesia.
Really abort (and waste the scroll)? [Y]es or [N]o only, please.
Really abort (and waste the scroll)? [Y]es or [N]o only, please.
Really abort (and waste the scroll)?
Okay, then.
The gnoll closely misses you. The hippogriff barely misses you.
The hippogriff pecks you but does no damage.
The hippogriff closely misses you.
Okay, then.
The hippogriff flaps its wings!
You hurl suddenly forward!
The hippogriff bites you!
* * * LOW HITPOINT WARNING * * *
The hippogriff closely misses you. The hippogriff claws you.
You die...

# #. .. .### .#
..# g# #.# .#
.#.####.# .#
.......@# .#
##.###.H###.#
#.....g..).#
#####..########
#..........
##.####.### #.#
#.#
##########.#


You could see a hippogriff and a gnoll.

Vanquished Creatures
  A gnoll (D:3)
  An adder (D:3)
  An ooze (D:3)
  2 dart slugs (D:1)
  10 orcs (D:3)
  5 bats
  A giant cockroach (D:2)
  6 goblins
  3 hobgoblins
  3 jackals (D:3)
  3 kobolds (D:2)
  2 quokkas (D:2)
  3 frilled lizards
  4 rats
45 creatures vanquished.

Notes
Turn   | Place    | Note
-------+----------+-------------------------------------------
     0 | D:1      | Mehrunes the Vine Stalker Martial Artist began the quest
                  | for the Orb.
     0 | D:1      | Reached XP level 1. HP: 13/13 MP: 3/3
   231 | D:1      | Reached XP level 2. HP: 18/18 MP: 4/4
   774 | D:2      | Reached XP level 3. HP: 22/22 MP: 5/5
   857 | D:2      | Reached ** piety under Wu Jian
  1559 | D:3      | Reached XP level 4. HP: 26/28 MP: 6/6
  1617 | D:3      | Noticed a hippogriff
  1622 | D:3      | Reached skill level 5 in Unarmed Combat
  1629 | D:3      | HP: 1/28 [hippogriff (7)]
  1629 | D:3      | Slain by a hippogriff

Skill      XL: |  1  2  3  4 |
---------------+-------------+-----
Fighting       | 3 |  3.2
Dodging        | 4 |  4.0
Unarmed Combat | 5 |  5.0
Stealth        | |  1.5
Spellcasting   | |  1.1
Hexes          | |  1.0

Action                   |  1- 3 |  4- 6 || total
-------------------------+-------+-------++-------
Melee: Unarmed           |    98 |    28 ||   126
       Bite              |     3 |       ||     3
       Punch             |     1 |     3 ||     4
 Abil: Whirlwind         |    68 |    13 ||    81
       Lunge             |     9 |     1 ||    10
  Use: Scroll            |     1 |     1 ||     2
 Stab: Sleeping          |     9 |       ||     9
  Eat: Chunk             |     4 |     1 ||     5
Armor: Robe              |    10 |     4 ||    14
Dodge: Dodged            |    37 |    19 ||    56
